 Dungeon Crawl Stone Soup version 0.28-a0-697-g47f3eba078 (webtiles) character file.

Game seed: 9182599258521450866

32 RepHenryClay the Sneak (level 3, -1/28 HPs)
             Began as a Naga Hedge Wizard on Oct 23, 2021.
             Hit by a goblin thrown by Robin (2 damage)
             ... on level 2 of the Dungeon.
             The game lasted 00:01:59 (1605 turns).

RepHenryClay the Sneak (Naga Hedge Wizard)          Turns: 1605, Time: 00:01:59

Health: -1/28      AC:  2    Str: 10 (13) XL:     3   Next: 27%
Magic:  1/7        EV: 10    Int: 18 (20) God:
Gold:   36         SH:  0    Dex:  9 (10) Spells: 2/8 levels left

rFire   . . .      SeeInvis +   a - +0 dagger
rCold   . . .      Faith    .   (no shield)
rNeg    . . .      Spirit   .   b - +0 robe
rPois   +          Reflect  .   c - +0 hat
rElec   .          Harm     .   (no cloak)
rCorr   .          Rampage  .   (no gloves)
Will    .....                   (no barding)
Stlth   ++........              (no amulet)
HPRegen 0.09/turn               g - +6 ring of intelligence
MPRegen 0.10/turn               (no ring)

@: very slow
A: AC +1, large, see invisible, deformed body, poison resistance, slowness 2,
spit poison 1, naga tail 1
a: Spit Poison


You were on level 2 of the Dungeon.
You visited 1 branch of the dungeon, and saw 2 of its levels.

You collected 36 gold pieces.

Inventory:

Hand Weapons
 a - a +0 dagger (weapon)
Armour
 b - a +0 robe (worn)
 c - a +0 hat (worn)
Jewellery
 g - a +6 ring of intelligence (left hand)
Scrolls
 d - 2 scrolls of enchant weapon {unknown}
 e - a scroll of identify {unknown}
 i - a scroll of blinking {unknown}


   Skills:
 - Level 2.8 Dodging
 - Level 3.0 Stealth
 - Level 3.0 Spellcasting
 + Level 1.1 Conjurations
 - Level 1.0 Summonings
 - Level 1.0 Translocations
 + Level 0.7 Poison Magic


You had 2 spell levels left.
You knew the following spells:

 Your Spells              Type           Power      Damage    Failure   Level
a - Magic Dart            Conj           24%        1d4       11%         1
b - Blink                 Tloc           N/A        N/A       16%         2
c - Mephitic Cloud        Conj/Pois/Air  4%         N/A       36%         3

Your spell library contained the following spells:

 Spells                   Type           Power      Damage    Failure   Level
 Call Imp                 Summ           6%         N/A       16%         2
 Slow                     Hex            2%         N/A       24%         2
 Conjure Flame            Conj/Fire      4%         6-21      36%         3


Dungeon Overview and Level Annotations

Branches:
Dungeon (2/15)

Altars:
Trog

Annotations:
D:2 Robin


Innate Abilities, Weirdness & Mutations

Your serpentine skin is tough. (AC +1)
You have supernaturally acute eyesight. (SInv)
Armour fits poorly on your strangely shaped body.
Your system is resistant to poisons. (rPois)
You cover ground very slowly.
You can spit poison.
You have a snake-like lower body.


Message History

Casting: Mephitic Cloud (extremely dangerous; 34% risk of failure)
Confirm with . or Enter, or press ? or * to list all spells.
The spell is extremely dangerous to cast (34% risk of failure)!
Continue anyway?
Aiming: Mephitic Cloud (extremely dangerous; 34% risk of failure)
Press: ? - help, Shift-Dir - straight line, f - you The ball explodes into a vile cloud!
The stinking cloud engulfs you but does no damage.
The stinking cloud engulfs the hobgoblin but does no damage.
The hobgoblin is almost dead.
The stinking cloud engulfs the goblin but does no damage. x2
The goblin is engulfed in noxious fumes.
The goblin appears confused.
A goblin comes into view. It is wielding a +0 dagger.
The goblin closely misses you. Robin throws the goblin at you!
The hobgoblin hits you.
The goblin is engulfed in noxious fumes.
The goblin appears confused.
The goblin hits the goblin with a +0 dagger.
The goblin is killed!
Huge Dmg: -14%(-4hp) hp: 47%(13hp)
You hit the goblin.
You kill the goblin!
The goblin hits you with a +0 club.
* * * LOW HITPOINT WARNING * * *
The hobgoblin hits you.
* * * LOW HITPOINT WARNING * * *
Huge Dmg: -36%(-10hp) hp: 11%(3hp) It was a potion of curing.
You feel better.
A goblin comes into view. It is wielding a +0 dagger.
The goblin barely misses you. The hobgoblin hits you!
* * * LOW HITPOINT WARNING * * *
It was a potion of degeneration.
There was something very wrong with that liquid.
You feel weakened.
You feel dopey.
You feel clumsy.
The goblin no longer looks unusually strong.
You kill the hobgoblin!
The goblin hits you with a +0 club.
* * * LOW HITPOINT WARNING * * *
Robin throws the goblin at you!
You die...

##.#. ...#
#(.#######
#....ggg.g
#g# #.# ###
#######g# #..
......†g# #.#
#######@# #.#
####
#######g# #.#
#...
.......)###.#
#.##
##.#........#
#.#
........###.#
#.# ###.###.#
#.# #.# #.
#.# #.######
#.# # #.#
#......## #.#
#.# #.......#
#.#


You could see Robin and 3 goblins.

Vanquished Creatures
  4 dart slugs (D:1)
  4 ball pythons (D:1)
  3 bats (D:1)
  A giant cockroach (D:1)
  3 hobgoblins
  A quokka (D:1)
  3 frilled lizards (D:1)
  3 goblins
  4 kobolds (D:1)
  A rat (D:1)
27 creatures vanquished.

Notes
Turn   | Place    | Note
-------+----------+-------------------------------------------
     0 | D:1      | RepHenryClay the Naga Hedge Wizard began the quest for the
                  | Orb.
     0 | D:1      | Reached XP level 1. HP: 15/15 MP: 4/4
   129 | D:1      | Reached XP level 2. HP: 15/22 MP: 6/6
  1069 | D:1      | Reached XP level 3. HP: 12/28 MP: 7/7
  1078 | D:1      | Learned a level 2 spell: Blink
  1082 | D:1      | Learned a level 3 spell: Mephitic Cloud
  1564 | D:2      | Found a bloodstained altar of Trog.
  1593 | D:2      | Noticed Robin
  1605 | D:2      | HP: 1/28 [goblin[Robin] (4)]
  1605 | D:2      | Hit by a goblin thrown by Robin

Illustrated notes

Levels and vault maps discovered:
D:1:      minmay_arrival_five_plusses, layout_basic
D:2:      layout_loops_ring, ebering_ecumenical_altar_box, basic_altar,
          uniq_terence, uniq_robin

Skill      XL: |  1 |
---------------+----+-----
Dodging        | 2 |  2.8
Stealth        | |  3.0
Spellcasting   | |  3.0
Conjurations   | |  1.1
Summonings     | |  1.0
Translocations | |  1.0
Poison Magic   | |  0.7

Action                   || total
-------------------------++-------
Melee: Dagger            ||    41
 Cast: Mephitic Cloud    ||     2
 Abil: Spit Poison       ||    24
  Use: Potion            ||     2
 Stab: Sleeping          ||     1
Armor: Robe              ||    11
Dodge: Dodged            ||    28

Table legend: (Time is in decaauts)
 A = Elapsed time spent in this place.
 B = Non-inter-level travel time spent in this place.
 C = Inter-level travel time spent in this place.
 D = Time resting spent in this place.
 E = Time spent auto-exploring this place.
 F = Levels seen in this place.
 G = Mean time per level.
                   A        B        C        D        E       F      G
               +--------+--------+--------+--------+--------+-----+--------+
         Total |   1901 |   1873 |     28 |    171 |   1500 |   2 |  950.5 |
       Dungeon |   1901 |   1873 |     28 |    171 |   1500 |   2 |  950.5 |
               +--------+--------+--------+--------+--------+-----+--------+

Top non-repeatable levels by time:
     D:1: 1737 daAuts
     D:2: 164 daAuts
